 Dungeon Crawl Stone Soup version 0.30.0 (webtiles) character file.

Game seed: 1905506372973531695

1927 AlmostAGhost the Slasher (level 8, 0/136 HPs)
             Began as a Demonspawn Gladiator on May 6, 2023.
             Was a Believer of Cheibriados.
             Succumbed to a killer bee's poison
             ... on level 7 of the Dungeon.
             The game lasted 00:16:46 (4914 turns).

AlmostAGhost the Slasher (Demonspawn Gladiator)     Turns: 4914, Time: 00:16:47

Health: 0/136      AC: 24    Str: 23    XL:     8   Next: 96%
Magic:  8/8        EV:  2    Int: 16    God:    Cheibriados [**....]
Gold:   304        SH:  5    Dex: 20    Spells: 7/7 levels left

rFire   . . .        h - +8 short sword (drain)
rCold   . . .        (no shield)
rNeg    . . .        q - melded +0 chain mail
rPois   +            c - melded +0 helmet
rElec   .            (cloak currently unavailable)
rCorr   .            o - melded +1 Delatra's gloves {ID++}
SInv    .            (boots currently unavailable)
Will    .....        i - amulet of reflection Stlth
                     (no ring)
HPRegen 0.42/turn    (no ring)
MPRegen 0.11/turn

%: reflection
@: berserking, lethally poisoned (0 -> -2), tree-form, very slow
A: stationary, stasis, torment immunity, boosted hp, demonic guardian 1, powered
by death 1, (weakness stinger 1)
a: Renounce Religion, Bend Time


You were on level 7 of the Dungeon.
You worshipped Cheibriados.
Cheibriados was pleased with you.
You were a tree.
You visited 1 branch of the dungeon, and saw 7 of its levels.

You collected 304 gold pieces.

Inventory:

Hand Weapons
 a - a +0 long sword
 h - a +8 short sword of draining (weapon)
 G - a +4 dagger
Missiles
 d - 3 throwing nets (quivered)
 e - a javelin
 A - 3 boomerangs of dispersal
Armour
 b - a +0 leather armour
 c - a +0 helmet (melded)
 f - a +0 ring mail
 m - a +0 pair of gloves
 o - the +1 Delatra's gloves (melded) {ID++}
   (You found it on level 2 of the Dungeon)

   ID++:      It heals its wearer when they drink unknown potions, and restores
   their MP when they read unknown scrolls.
 q - a +0 chain mail (melded)
Jewellery
 i - an amulet of reflection (around neck)
Wands
 w - a wand of charming (4)
 E - a wand of digging (6)
Scrolls
 g - 6 scrolls of identify {unknown}
 l - 4 scrolls of teleportation {unknown}
 p - a scroll of blinking {unknown}
 s - a scroll of fear {unknown}
 t - 3 scrolls of immolation {unknown}
 u - a scroll of fog {unknown}
 v - a scroll of butterflies {unknown}
 x - a scroll of noise {unknown}
 y - a scroll of enchant armour {unknown}
 C - a scroll of brand weapon {unknown}
Potions
 j - a potion of degeneration {unknown}
 k - 2 potions of flight {unknown}
 n - 2 potions of might {unknown}
 r - a potion of lignification
 z - a potion of cancellation {unknown}
 B - a potion of invisibility {unknown}
 D - a potion of haste {unknown}
 F - a potion of berserk rage


   Skills:
 + Level 4.8 Fighting
 + Level 4.0(5.5) Short Blades
 + Level 6.0(6.5) Long Blades
 + Level 2.0 Throwing
 + Level 4.9 Armour
 + Level 3.9 Dodging
 + Level 1.1 Stealth
 + Level 3.2 Shields


You had 7 spell levels left.
You didn't know any spells.
Your spell library contained the following spells:

 Spells                   Type           Power      Damage    Failure   Level
 Magic Dart               Conj           0%         1d3       26%         1
 Sandblast                Erth           0%         2d4       26%         1
 Summon Small Mammal      Summ           0%         N/A       26%         1
 Passwall                 Tmut/Erth      0%         N/A       36%         2
 Searing Ray              Conj           0%         2d4       36%         2
 Call Canine Familiar     Summ           0%         N/A       58%         3
 Hailstorm                Conj/Ice       0%         3d3       58%         3
 Stone Arrow              Conj/Erth      0%         3d7       58%         3
 Summon Guardian Golem    Hex/Summ       0%         N/A       58%         3
 Vhi's Electric Charge    Tloc/Air       0%         N/A       58%         3
 Animate Dead             Necr           0%         N/A       94%         4
 Fulminant Prism          Conj/Hex       0%         3d5       94%         4
 Ice Form                 Ice/Tmut       0%         N/A       94%         4
 Arcjolt                  Conj/Air       0%         1d10      100%        5
 Conjure Ball Lightning   Conj/Air       0%         3x3d6     100%        6
 Simulacrum               Ice/Necr       0%         N/A       100%        6
 Haunt                    Necr/Summ      0%         N/A       100%        7
 Discord                  Hex            0%         N/A       100%        8
 Disjunction              Tloc           0%         N/A       100%        8
 Infestation              Necr           0%         N/A       100%        8
 Maxwell's Capacitive Co  Air            0%         ∞         100%        8


Dungeon Overview and Level Annotations

Branches:
Dungeon (6/15)             Temple (0/1) D:6

Altars:
Ashenzari
Cheibriados
Kikubaaqudgha
Ru
Trog
Yredelemnul


Innate Abilities, Weirdness & Mutations

You are a tree.
Your roots penetrate the ground, keeping you stationary.
You cannot be teleported.
You are immune to unholy pain and torment.
Your maximum health is greatly increased.
Your equipment is partially melded.
A weak demonic guardian rushes to your aid.
You regenerate a little health from kills.
((You have a small tail.))


Message History

* * * LOW HITPOINT WARNING * * *
You feel sick.
The killer bee stings you but does no damage.
You miss the killer bee.
The killer bee is moderately wounded.
* * * LOW HITPOINT WARNING * * *
You feel sick. The killer bee stings you.
* * * LOW HITPOINT WARNING * * *
The killer bee barely misses you.
You hit the killer bee. You drain the killer bee.
You kill the killer bee!
Cheibriados thoroughly appreciates the change of pace.
* * * LOW HITPOINT WARNING * * *
You feel sick.
You puncture the killer bee! You drain the killer bee.
The killer bee is severely wounded.
* * * LOW HITPOINT WARNING * * *
You feel sick.
The killer bee stings you but does no damage.
You hit the killer bee but do no damage.
Your punch misses the killer bee.
* * * LOW HITPOINT WARNING * * *
You feel sick. The killer bee stings you.
* * * LOW HITPOINT WARNING * * *
It was a potion of berserk rage.
A red film seems to cover your vision as you go berserk!
Cheibriados protects you from inadvertent hurry.
You feel mighty!
* * * LOW HITPOINT WARNING * * *
You feel sick. The killer bee stings you.
* * * LOW HITPOINT WARNING * * *
A demonic guardian appears!
The killer bee stings you but does no damage.
You puncture the killer bee! You drain the killer bee.
The killer bee is severely wounded.
Unknown command.
You puncture the killer bee! You drain the killer bee.
You kill the killer bee!
Cheibriados thoroughly appreciates the change of pace.
You die...

#### #55 #5# #♣#
..#####)########
#.....yyy......#
..##.##y.#####.#
..#.###.#.#
........#.#
..#.##..#.# .
#...## .....


You could see 4 killer bees, a friendly iron imp (summoned) and 2 friendly
quasits.

Vanquished Creatures
  Prince Ribbit (D:5)
  Grinder (D:3)
  A water moccasin (D:6)
  An ice beast (D:6)
  An ogre (D:6)
  A centaur (D:7)
  A phantom (D:6)
  2 bullfrogs
  A scorpion (D:5)
  6 killer bees (D:7)
  A jelly (D:5)
  A hound (D:7)
  A sleepcap (D:3)
  5 orc priests
  3 iguanas (D:5)
  Ijyb (D:4)
  10 adders
  A white imp (D:6)
  An ufetubus (D:5)
  3 worms
  4 dart slugs
  16 orcs
  8 ball pythons
  4 bats
  6 endoplasms
  4 giant cockroaches
  9 goblins
  3 hobgoblins
  4 jackals (D:4)
  6 kobolds
  2 quokkas
  4 frilled lizards
  2 rats
115 creatures vanquished.

Vanquished Creatures (collateral kills)
  Duvessa (D:4)
  Dowan (D:4)
  A hound (D:4)
  A worm (D:2)
  An endoplasm (D:4)
  A ball python (D:2)
6 creatures vanquished.

Vanquished Creatures (others)
  An orc wizard (D:7)
  8 fungi (D:4)
9 creatures vanquished.

Grand Total: 130 creatures vanquished

Notes
Turn   | Place    | Note
-------+----------+-------------------------------------------
     0 | D:1      | AlmostAGhost the Demonspawn Gladiator began the quest for
                  | the Orb.
     0 | D:1      | Reached XP level 1. HP: 16/16 MP: 1/1
   135 | D:1      | Reached skill level 3 in Long Blades
   135 | D:1      | Discovered your monstrous ancestry.
   135 | D:1      | Gained mutation: You have a small tail. [demonic ancestry]
   135 | D:1      | Reached XP level 2. HP: 8/22 MP: 2/2
  1065 | D:2      | Gained mutation: A weak demonic guardian rushes to your
                  | aid. [demonic ancestry]
  1065 | D:2      | Reached XP level 3. HP: 27/27 MP: 3/3
  1287 | D:2      | Found the +1 Delatra's gloves {ID++}
  1433 | D:2      | Reached skill level 1 in Armour
  2017 | D:3      | Gained mutation: You regenerate a little health from kills.
                  | [demonic ancestry]
  2017 | D:3      | Reached XP level 4. HP: 33/33 MP: 4/4
  2048 | D:3      | Found a bloodstained altar of Trog.
  2252 | D:3      | Found a snail-covered altar of Cheibriados.
  2270 | D:3      | Noticed Grinder
  2291 | D:3      | Killed Grinder
  2292 | D:3      | Reached skill level 4 in Long Blades
  2292 | D:3      | Reached XP level 5. HP: 33/41 MP: 5/5
  2292 | D:3      | Reached XP level 6. HP: 38/47 MP: 6/6
  2304 | D:3      | Became a worshipper of Cheibriados the Contemplative
  2324 | D:3      | Found a sacrificial altar of Ru.
  2504 | D:3      | Found a broken altar of Ashenzari.
  2654 | D:4      | Noticed Ijyb
  2655 | D:4      | Found a basalt altar of Yredelemnul.
  2679 | D:4      | Killed Ijyb
  2871 | D:4      | Reached skill level 5 in Long Blades
  2876 | D:4      | Reached * piety under Cheibriados
  3048 | D:4      | Noticed Dowan
  3048 | D:4      | Noticed Duvessa
  3057 | D:4      | HP: 1/44 [Duvessa/+8 short sword of draining (10)]
  3063 | D:4      | Reached skill level 1 in Shields
  3073 | D:4      | Killed Duvessa
  3074 | D:4      | Reached XP level 7. HP: 17/47 MP: 7/7
  3078 | D:4      | Killed Dowan
  3327 | D:5      | Entered Level 5 of the Dungeon
  3525 | D:5      | Noticed Prince Ribbit
  3538 | D:5      | Killed Prince Ribbit
  3720 | D:5      | Reached skill level 1 in Short Blades
  3800 | D:5      | Reached ** piety under Cheibriados
  3855 | D:5      | Found an ancient bone altar of Kikubaaqudgha.
  4039 | D:5      | Reached XP level 8. HP: 60/60 MP: 8/8
  4308 | D:6      | Found a staircase to the Ecumenical Temple.
  4512 | D:6      | Reached skill level 6 in Long Blades
  4811 | D:6      | You fall into a shaft and drop 1 floor!
  4837 | D:7      | Reached skill level 1 in Stealth
  4910 | D:7      | HP: 4/91 [poisoned by a killer bee]
  4912 | D:7      | HP: 1/136 [killer bee (2)]
  4914 | D:7      | Succumbed to a killer bee's poison

Illustrated notes

Levels and vault maps discovered:
D:1:      matt_arrival_spirals, layout_basic
D:2:      layout_basic, minmay_parallelograms
D:3:      layout_rooms, old_standard_altar, mainiacjoe_overflow_alcove_2,
          mainiacjoe_overflow_alcove_1, mainiacjoe_overflow_small_starburst,
          uniq_grinder
D:4:      layout_basic, mainiacjoe_overflow_cross_hatched, uniq_ijyb,
          uniq_duvessa
D:5:      layout_basic, kiku_gazebo_pond_becter,
          nicolae_elevator_lobby_asterisk, uniq_prince_ribbit1
D:6:      layout_loops_corners, minmay_temple_entry_stoned_glass
D:7:      layout_loops_ring, nicolae_gozag_zags_fifth_avenue, minmay_holes

Skill      XL: |  1  2  3  4  5  6  7  8 |
---------------+-------------------------+-----
Throwing       | 2 |  2.0
Long Blades    | 3 4 5 6 |  6.0
Armour         | 1 2 3 4 |  4.9
Dodging        | 3 |  3.9
Fighting       | 3 4 |  4.8
Shields        | 1 2 3 |  3.2
Short Blades   | 1 4 |  4.0
Stealth        | 1 |  1.1

Action                     |  1- 3 |  4- 6 |  7- 9 || total
---------------------------+-------+-------+-------++-------
  Melee: Long sword        |    91 |   136 |     4 ||   231
         Tailslap          |     7 |    20 |    12 ||    39
         Punch             |     1 |     1 |     4 ||     6
         Short sword       |       |       |   147 ||   147
    Use: Potion            |       |     6 |     4 ||    10
 Armour: Ring mail         |    40 |       |       ||    40
         Chain mail        |     4 |    78 |    49 ||   131
         Skin              |       |       |    44 ||    44
  Dodge: Dodged            |    66 |    55 |    54 ||   175
  Block: Other             |    18 |    35 |    37 ||    90
         Reflection        |     1 |       |       ||     1
